 Dungeon Crawl Stone Soup version 0.31.0-11-ge490571c62 (webtiles) character file.

Game seed: 9980282396278430479

87 qw the Shooter (level 4, -4/25 HPs)
             Began as a Deep Elf Hunter on Feb 4, 2024.
             Slain by Natasha (6 damage)
             ... on level 3 of the Dungeon.
             The game lasted 00:00:06 (1857 turns).

qw the Shooter (Deep Elf Hunter)                    Turns: 1857, Time: 00:00:07

Health: -4/25      AC:  5    Str: 10    XL:     4   Next: 28%
Magic:  6/6        EV: 11    Int: 14    God:
Gold:   190        SH:  0    Dex: 18    Spells: 3/3 levels left

rFire   . . .        a - +0 shortbow
rCold   . . .        (shield currently unavailable)
rNeg    . . .        e - +0 ring mail
rPois   .            (no helmet)
rElec   .            (no cloak)
rCorr   .            (no gloves)
SInv    .            (no boots)
Will    .....        (no amulet)
Stlth   +            (no ring)
HPRegen 0.24/turn    (no ring)
MPRegen 0.10/turn

%: no passive effects
@: no status effects
A: no striking features
a: no special abilities


You were on level 3 of the Dungeon.
You visited 1 branch of the dungeon, and saw 3 of its levels.

You collected 190 gold pieces.


   Skills:
 - Level 1.5 Fighting
 + Level 7.7 Ranged Weapons
 - Level 2.4 Dodging
 - Level 1.2 Stealth


You had 3 spell levels left.
You didn't know any spells.
Your spell library was empty.

Inventory:

Hand Weapons
 a - a +0 shortbow (weapon)
Armour
 e - a +0 ring mail (worn)
Wands
 b - a wand of iceblast (3)
Scrolls
 c - a scroll of fog {unknown}
 i - a scroll of teleportation {unknown}
 j - a scroll of amnesia {unknown}
Potions
 d - a potion of haste {unknown}
 f - 2 potions of cancellation
 g - a potion of ambrosia {unknown}
 h - 2 potions of resistance {unknown}

Dungeon Overview and Level Annotations

Branches:
Dungeon (3/15)

Altars:
Kikubaaqudgha
Vehumet

Annotations:
D:3 Natasha


Message History

Enter note:
1848 ||| RETREEEEATING.
Enter note:
Enter note:
Enter note:
1849 ||| RETREEEEATING.
There is an escape hatch in the floor here.
Enter note:
Enter note:
Enter note:
1850 ||| RETREEEEATING.
The ball python attacks as it pursues you!
The ball python bites you but does no damage.
The ball python misses you.
Enter note:
Enter note:
Enter note:
1851 ||| RETREEEEATING.
You shoot an arrow. The arrow hits the ball python.
You kill the ball python!
The cerulean imp hits you from afar with a +1 spear.
Enter note:
Enter note:
Enter note:
1853 ||| RETREEEEATING.
You start resting.
Natasha is nearby!
You shoot an arrow. The arrow hits Natasha.
Natasha is lightly wounded.
Natasha casts a spell at you. The magic dart hits you.
You shoot an arrow. The arrow closely misses Natasha.
The cerulean imp hits you from afar with a +2 spear.
Natasha stares at you and mumbles some strange words.
The magic dart hits you.
The cerulean imp hits you from afar with a +2 spear.
You shoot an arrow. The arrow closely misses Natasha.
Natasha claws you.
You die...
Natasha begins licking her fur clean.

#.##..#..#.#..#..#.# #.##
#.##...............###.##
#.###...#.#.#...........#
#.# ##.........#####.....
#.# #5.........#.......#
#.# #h########.#........
#.# #ยค# ##.###.#........
#.####5###.#.##...#######
#......h@.###.##.##
######.....#.....#
######.###### ###


You could see Natasha and a cerulean imp (summoned).

Vanquished Creatures
  Ijyb (D:3)
  An adder (D:2)
  A ribbon worm (D:2)
  3 dart slugs
  5 bats
  4 endoplasms
  3 giant cockroaches
  4 goblins
  2 hobgoblins
  5 kobolds
  A quokka (D:1)
  8 ball pythons
  4 rats
42 creatures vanquished.

Notes
Turn   | Place    | Note
-------+----------+-------------------------------------------
     0 | D:1      | qw the Deep Elf Hunter began the quest for the Orb.
     0 | D:1      | Reached XP level 1. HP: 12/12 MP: 3/3
     0 | D:1      | 0 ||| qw: Version: 0.3-a-160-g6735b56
     0 | D:1      | 0 ||| qw: Game counter: 4319
     0 | D:1      | 0 ||| qw: Melee chars always use a shield: true
     0 | D:1      | 0 ||| qw: God list: Okawaru
     0 | D:1      | 0 ||| qw: Allow faded altars: false
     0 | D:1      | 0 ||| qw: Do Orc after clearing Dungeon:15 true
     0 | D:1      | 0 ||| qw: Do second Lair branch before Depths: true
     0 | D:1      | 0 ||| qw: Lair rune preference: random
     0 | D:1      | 0 ||| qw: Goals: Normal
     0 | D:1      | 0 ||| PLANNING D:1-11
    84 | D:1      | Reached skill level 6 in Ranged Weapons
    84 | D:1      | Reached XP level 2. HP: 16/16 MP: 4/4
   300 | D:1      | Found a faded altar of an unknown god.
   664 | D:1      | 664 ||| UPGRADING to +0 ring mail.
   674 | D:1      | 674 ||| DROPPING +0 leather armour.
   675 | D:1      | 675 ||| READING 2 scrolls labelled TIGAOSKETE.
   675 | D:1      | 675 ||| IDENTIFYING smoky inky potion
   676 | D:1      | 676 ||| READING scroll of identify.
   676 | D:1      | 676 ||| IDENTIFYING 2 brown potions
   677 | D:1      | 677 ||| DROPPING scroll of butterflies.
   678 | D:1      | 678 ||| DROPPING potion of brilliance.
   744 | D:2      | Reached XP level 3. HP: 20/20 MP: 5/5
   833 | D:2      | Reached skill level 7 in Ranged Weapons
  1309 | D:2      | 1309 ||| READING scroll labelled HUTAMUTARY.
  1310 | D:2      | 1310 ||| READING scroll labelled VAEJIUNI CIPPA.
  1311 | D:2      | 1311 ||| DRINKING 2 sedimented emerald potions.
  1312 | D:2      | 1312 ||| DRINKING 2 silvery potions.
  1344 | D:2      | 1344 ||| DROPPING potion of magic.
  1345 | D:2      | 1345 ||| DROPPING potion of lignification.
  1440 | D:3      | Found an ancient bone altar of Kikubaaqudgha.
  1455 | D:3      | Noticed Ijyb
  1463 | D:3      | HP: 4/20 [Ijyb/+3 club (5)]
  1464 | D:3      | Killed Ijyb
  1465 | D:3      | Reached XP level 4. HP: 5/25 MP: 6/6
  1593 | D:3      | Found a radiant altar of Vehumet.
  1838 | D:3      | Noticed Natasha
  1842 | D:3      | 1842 ||| RETREEEEATING.
  1843 | D:3      | 1843 ||| RETREEEEATING.
  1844 | D:3      | 1844 ||| RETREEEEATING.
  1845 | D:3      | 1845 ||| RETREEEEATING.
  1846 | D:3      | 1846 ||| RETREEEEATING.
  1847 | D:3      | 1847 ||| RETREEEEATING.
  1848 | D:3      | 1848 ||| RETREEEEATING.
  1849 | D:3      | 1849 ||| RETREEEEATING.
  1850 | D:3      | 1850 ||| RETREEEEATING.
  1851 | D:3      | 1851 ||| RETREEEEATING.
  1853 | D:3      | 1853 ||| RETREEEEATING.
  1856 | D:3      | HP: 2/25 [cerulean imp/+2 spear[Natasha] (5)]
  1857 | D:3      | Slain by Natasha

Levels and vault maps discovered:
D:1:      dpeg_arrival_orchard, layout_basic,
          hellmonk_ecumenical_altar_arch_garden, minmay_misc_feat_rugged
D:2:      layout_loops_cross, kennysheep_generic_room_16
D:3:      layout_loops_ring, lemuel_blue_sif_altar,
          mainiacjoe_overflow_small_starburst, nicolae_vehumet_radiance,
          minmay_fractal_squares_gapless_5, uniq_ijyb, uniq_natasha

Skill      XL: |  1  2  3 |
---------------+----------+-----
Ranged Weapons | 6 7 |  7.7
Fighting       | |  1.5
Dodging        | |  2.4
Stealth        | |  1.2

Action                     |  1- 3 |  4- 6 || total
---------------------------+-------+-------++-------
   Fire: Shortbow          |   103 |     9 ||   112
    Use: Scroll            |     4 |       ||     4
         Potion            |     2 |       ||     2
 Armour: Leather armour    |    14 |       ||    14
         Ring mail         |     6 |     9 ||    15
  Dodge: Dodged            |    10 |     6 ||    16

Table legend:
 A = Non-vault XP
 B = Vault XP
 C = Vault XP percentage of total XP
 D = Non-vault monster count
 E = Vault monster count
 F = Vault count percentage of total count
                 A         B        C        D         E       F
            +---------+---------+-------+---------+---------+-------
      Total |      87 |      38 |  30.4 |      40 |       2 |   4.8
            +---------+---------+-------+---------+---------+-------
        D:1 |      39 |       0 |   0.0 |      21 |       0 |   0.0
        D:2 |      36 |       2 |   5.3 |      12 |       1 |   7.7
        D:3 |      12 |      36 |  75.0 |       7 |       1 |  12.5
            +---------+---------+-------+---------+---------+-------
